 Dungeon Crawl Stone Soup version 0.22.1-1-ga44c0e5 (webtiles) character file.

234 Folque the Digger (level 5, -4/40 HPs)
             Began as a Draconian Earth Elementalist on Nov 2, 2018.
             Killed by divine providence
             ... invoked by an orc priest
              (16 damage)
             ... on level 3 of the Dungeon.
             The game lasted 00:07:33 (3460 turns).

Folque the Digger (Draconian Earth Elementalist)    Turns: 3460, Time: 00:07:34

Health: -4/40      AC:  7    Str: 10    XL:     5   Next: 75%
Magic:  1/11       EV: 12    Int: 17    God:
Gold:   134        SH:  0    Dex: 11    Spells: 1/12 levels left

rFire    . . .     SeeInvis .   t - +0 flail
rCold    . . .     Gourm    .   (no shield)
rNeg     . . .     Faith    .   (armour unavailable)
rPois    .         Spirit   .   (helmet restricted)
rElec    .         Reflect  .   (no cloak)
rCorr    .         Harm     .   m - +1 pair of gloves
MR       .....                  (no boots)
Stlth    ++........             (no amulet)
HPRegen  0.13/turn              (no ring)
MPRegen  0.12/turn              (no ring)

@: no status effects
A: unfitting armour, cold-blooded, AC +5
a: no special abilities


You were on level 3 of the Dungeon.
You were not hungry.

You visited 1 branch of the dungeon, and saw 3 of its levels.

You collected 134 gold pieces.

Inventory:

Hand Weapons
 a - a +0 mace
 t - a +0 flail (weapon)
Missiles
 b - 141 stones (quivered)
 k - 8 poisoned needles
Armour
 m - a +1 pair of gloves (worn)
Scrolls
 d - a scroll of remove curse
 e - a scroll of blinking
 f - a scroll of teleportation
 q - a scroll of random uselessness {unknown}
Potions
 g - a potion of curing {unknown}
 n - a potion of lignification {unknown}
 p - a potion of heal wounds {unknown}
 r - a potion of mutation
Comestibles
 c - 8 rations
 h - 6 chunks of flesh


   Skills:
 - Level 1.2 Fighting
 - Level 1.7 Dodging
 - Level 1.7 Stealth
 + Level 4.1 Spellcasting
 - Level 2.0 Conjurations
 - Level 1.0 Transmutations
 + Level 4.4 Earth Magic


You had one spell level left.
You knew the following spells:

 Your Spells              Type           Power        Failure   Level  Hunger
a - Sandblast             Erth           ###...       2%          1    None
b - Passwall              Tmut/Erth      ##......     8%          2    ##.....
c - Stone Arrow           Conj/Erth      ##....       13%         3    ###....
d - Lee's Rapid Deconstr  Erth           ###.......   56%         5    ######.

Your spell library contained the following spells:

 Spells                   Type           Power        Failure   Level  Hunger
 Petrify                  Tmut/Erth      ##......     45%         4    ####...


Dungeon Overview and Level Annotations

Branches:
Dungeon (3/15)

Altars:


Innate Abilities, Weirdness & Mutations

Your plain brown scales are hard. (AC +5)
You cannot fit into any form of body armour.
You are cold-blooded and may be slowed by cold attacks.


Message History

* * * LOW HITPOINT WARNING * * *
The orc barely misses you.
Casting: Sandblast (safe; 2% risk of failure)
Confirm with . or Enter, or press ? or * to list all spells.
The spell is very dangerous to cast (61% risk of failure)!
Continue anyway?
Aiming: Lee's Rapid Deconstruction (very dangerous; 61% risk of failure)
Press: ? - help, Dir - move target cursor A rock wall.
The wall shatters!
The blast of rock fragments hits the orc.
You kill the orc!
The blast of rock fragments hits the orc.
You kill the orc!
The blast of rock fragments hits the kobold.
You kill the kobold!
Your Spellcasting skill increases to level 4!
You feel a bit more experienced.
The orc priest calls down the wrath of Beogh upon you.
Beogh smites you!
You die...

#...#......# #........
#...#......#
#########........
##..#......#
#.......#........
#..#......#
#.......#.###รท###
#..#.#.#### #.......#.# #.#
#####.#.#.#######.).....#.#
#.#
.....>#.#...............#.#
#.#
......#.#########.......#.#
#.# ......#
.......@.......#.###.#
......#
########)#####(#.....#
......# #o# ####### ......#


.oo ###.#.# #.... ....#.# #...o. #####.# #...... ....#.# #....... ###.#.#
#........ You could see an orc priest and 3 orcs.

Vanquished Creatures
  An orc wizard (D:3)
  A centaur skeleton (D:3)
  A worker ant (D:3)
  A gnoll (D:3)
  6 adders
  An ooze (D:3)
  An adder skeleton (D:2)
  A dart slug (D:3)
  3 leopard geckos (D:3)
  6 orcs (D:3)
  A giant cockroach (D:1)
  9 goblins
  11 hobgoblins
  10 kobolds
  2 quokkas
  A ball python (D:1)
  5 bats
  4 frilled lizards (D:1)
  13 rats
78 creatures vanquished.

Notes
Turn   | Place    | Note
-------+----------+-------------------------------------------
     0 | D:1      | Folque the Draconian Earth Elementalist began the quest for
                  | the Orb.
     0 | D:1      | Reached XP level 1. HP: 14/14 MP: 3/3
   921 | D:1      | Reached XP level 2. HP: 14/20 MP: 1/5
  1707 | D:2      | Reached XP level 3. HP: 22/26 MP: 4/6
  1711 | D:2      | Learned a level 2 spell: Passwall
  1715 | D:2      | Learned a level 3 spell: Stone Arrow
  1885 | D:2      | Reached skill level 1 in Conjurations
  2107 | D:2      | Reached XP level 4. HP: 33/33 MP: 8/8
  2867 | D:3      | Reached skill level 1 in Fighting
  2867 | D:3      | Reached XP level 5. HP: 37/40 MP: 2/10
  2874 | D:3      | Learned a level 5 spell: Lee's Rapid Deconstruction
  3460 | D:3      | Killed from afar by an orc priest

Skill      XL: |  1  2  3  4  5 |
---------------+----------------+-----
Earth Magic    | 4 |  4.4
Conjurations   | 1 2 |  2.0
Spellcasting   | 3 4 |  4.1
Fighting       | 1 |  1.2
Dodging        | |  1.7
Stealth        | |  1.7
Transmutations | |  1.0

Action                   |  1- 3 |  4- 6 || total
-------------------------+-------+-------++-------
Melee: Unarmed           |    27 |       ||    27
       Mace              |    80 |    24 ||   104
       Tailslap          |     7 |     6 ||    13
       Flail             |       |    77 ||    77
 Cast: Sandblast         |    14 |     7 ||    21
       Stone Arrow       |     1 |    11 ||    12
       Passwall          |       |     1 ||     1
       Lee's Rapid Decon |       |     1 ||     1
  Use: Scroll            |       |     8 ||     8
 Stab: Sleeping          |     4 |     2 ||     6
  Eat: Chunk             |     4 |     6 ||    10
Armor: Skin              |    43 |    33 ||    76
Dodge: Dodged            |    78 |    72 ||   150
